 Dungeon Crawl Stone Soup version 0.27-a0-448-gace5c5693b (webtiles) character file.

Game seed: 11174273109598283791

108 srzhan31 the Vexing (level 4, -2/25 HPs)
             Began as a Deep Elf Arcane Marksman on Feb 27, 2021.
             Slain by a worm (9 damage)
             ... on level 3 of the Dungeon.
             The game lasted 00:23:49 (2625 turns).

srzhan31 the Vexing (Deep Elf Arcane Marksman)      Turns: 2625, Time: 00:23:49

Health: -2/25      AC:  3    Str:  7    XL:     4   Next: 58%
Magic:  8/8        EV: 14    Int: 18    God:
Gold:   125        SH:  0    Dex: 16    Spells: 3/6 levels left

rFire    . . .     SeeInvis .   a - +0 shortbow
rCold    + . .     Faith    .   (shield currently unavailable)
rNeg     . . .     Spirit   .   e - +0 robe
rPois    .         Reflect  .   (no helmet)
rElec    .         Harm     .   h - +0 cloak
rCorr    .         Rampage  .   (no gloves)
Will     .....                  (no boots)
Stlth    +.........             (no amulet)
HPRegen  0.08/turn              p - ring of protection from cold
MPRegen  0.11/turn              (no ring)

@: confused
A: no striking features
a: no special abilities


You were on level 3 of the Dungeon.
You visited 1 branch of the dungeon, and saw 3 of its levels.

You collected 125 gold pieces.

Inventory:

Hand Weapons
 a - a +0 shortbow (weapon)
Missiles
 d - 3 arrows (quivered ammo)
 g - 53 bolts
 o - 8 poisoned darts
Armour
 e - a +0 robe (worn)
 h - a +0 cloak (worn)
 l - a +4 ring mail
 q - a +0 pair of gloves
 r - a +0 scale mail of fire resistance
Jewellery
 p - a ring of protection from cold (left hand)
Scrolls
 b - 3 scrolls of amnesia {unknown}
 i - 2 scrolls of magic mapping {unknown}
 j - a scroll of teleportation {unknown}
 k - 4 scrolls of identify {unknown}
 m - 2 scrolls of immolation {unknown}
Potions
 c - 2 potions of might {unknown}
 f - a potion of lignification {unknown}
 n - a potion of ambrosia {unknown}


   Skills:
 + Level 1.2 Fighting
 + Level 4.6 Bows
 + Level 3.6 Dodging
 + Level 0.2 Stealth
 + Level 1.9 Spellcasting
 * Level 4.7 Hexes


You had 3 spell levels left.
You knew the following spells:

 Your Spells              Type           Power        Failure   Level
a - Corona                Hex            20%          2%          1
b - Slow                  Hex            18%          4%          2

Your spell library contained the following spells:

 Spells                   Type           Power        Failure   Level
 Inner Flame              Hex/Fire       10%          21%         3
 Portal Projectile        Hex/Tloc       20%          21%         3
 Cause Fear               Hex            9%           26%         4
 Leda's Liquefaction      Hex/Erth       5%           56%         4


Dungeon Overview and Level Annotations

Branches:
Dungeon (3/15)

Altars:
Cheibriados
Uskayaw
The Shining One

Annotations:
D:3 Ijyb


Message History

Aim: Ijyb, wielding a +0 club, wearing a +0 leather armour and carrying a wand of charming (6) (lightly wounded, 55% to hit)
You shoot an arrow. The arrow hits Ijyb.
Ijyb is moderately wounded.
Ijyb zaps a wand.
Your will is overpowered!
You are confused.
Ijyb closely misses you. Ijyb closely misses you.
A hobgoblin comes into view. It is wielding a +0 club.
You're too confused to move!
The hobgoblin shouts!
The worm closely misses you. Ijyb hits you with a +0 club.
You feel less confused.
Fire: 9 arrows
Press: ? - help, Q - select action, (/) - cycle Shift-Dir - straight line, f/p - Ijyb
Aim: Ijyb, wielding a +0 club, wearing a +0 leather armour and carrying a wand of charming (5) (moderately wounded, 55% to hit)
You shoot an arrow. The arrow hits Ijyb.
Ijyb is moderately wounded.
Ijyb hits you but does no damage.
Fire: 8 arrows
Press: ? - help, Q - select action, (/) - cycle Shift-Dir - straight line, f/p - Ijyb
Aim: Ijyb, wielding a +0 club, wearing a +0 leather armour and carrying a wand of charming (5) (moderately wounded, 55% to hit)
You shoot an arrow. The arrow hits Ijyb.
Ijyb is moderately wounded.
Ijyb zaps a wand.
You resist with some effort.
The hobgoblin throws a stone.
The stone completely misses you. Ijyb hits you with a +0 club.
The hobgoblin throws a stone.
The stone barely misses you.
Fire: 7 arrows
Press: ? - help, Q - select action, (/) - cycle Shift-Dir - straight line, f - hobgoblin, p - Ijyb
Aim: a hobgoblin, wielding a +0 club and quivering stones (62% to hit)
You shoot an arrow. The arrow barely misses the hobgoblin.
Ijyb zaps a wand.
Your will is overpowered!
You are confused.
The worm bites you.
You shoot an arrow. The arrow barely misses the worm.
You shoot an arrow. The worm bites you!
* * * LOW HITPOINT WARNING * * *
You shoot an arrow. The arrow hits the worm.
The worm is moderately wounded.
The worm bites you!
You die...

#.##########'# #.# w###
#...##.......####'## ...
###.##.#####†(.....######.####
#####'##...#
#....(((......>....
#).....###.#
#........#####(#### #......#
#.# #........# (# #......# #.#
#...(....# (# #......###.#
#.gw.....# .#
#......'...###g@.###### .#
#......######...(# .. ########
#....# ### ## #...≈##≈§
#..≈≈#≈# #..≈≈≈≈# #..≈≈###
#...≈# #....#


You could see Ijyb, a worm and a hobgoblin.

Vanquished Creatures
  Natasha (D:3)
  2 adders (D:2)
  An ooze (D:2)
  2 dart slugs
  3 orcs (D:3)
  4 giant cockroaches
  5 goblins
  6 hobgoblins
  6 jackals
  A ball python (D:3)
  6 bats
  2 frilled lizards
  10 kobolds
  4 rats
53 creatures vanquished.

Notes
Turn   | Place    | Note
-------+----------+-------------------------------------------
     0 | D:1      | srzhan31 the Deep Elf Arcane Marksman began the quest for
                  | the Orb.
     0 | D:1      | Reached XP level 1. HP: 11/11 MP: 5/5
   312 | D:1      | Reached XP level 2. HP: 16/16 MP: 6/6
   649 | D:1      | Reached skill level 1 in Fighting
   731 | D:1      | Learned a level 2 spell: Slow
  1164 | D:2      | Reached XP level 3. HP: 20/20 MP: 5/7
  2274 | D:3      | Found a glowing golden altar of the Shining One.
  2277 | D:3      | Reached XP level 4. HP: 25/25 MP: 6/8
  2277 | D:3      | Found a hide-covered altar of Uskayaw.
  2300 | D:3      | Found a snail-covered altar of Cheibriados.
  2483 | D:3      | Noticed Natasha
  2493 | D:3      | Killed Natasha
  2590 | D:3      | Noticed Ijyb
  2625 | D:3      | Slain by a worm

Illustrated notes

Levels and vault maps discovered:
D:1:      erik_arrival_blinker_ship, layout_basic
D:2:      minmay_evil_eye, layout_loops_ring, minmay_misc_feat_chi
D:3:      layout_basic, nzn_hepliaklqana_mist_gate, grunt_temple_overflow_open,
          chequers_ecumenical_altar_simple, grunt_decor_resistance,
          lemuel_another_geyser, uniq_ijyb, uniq_natasha

Skill      XL: |  1  2  3  4 |
---------------+-------------+-----
Bows           | 3 4 |  4.6
Fighting       | 1 |  1.2
Dodging        | 3 |  3.6
Stealth        | |  0.2
Spellcasting   | |  1.9
Hexes          | |  4.7

Action                   |  1- 3 |  4- 6 || total
-------------------------+-------+-------++-------
 Fire: Shortbow          |   122 |    39 ||   161
 Cast: Corona            |     7 |     8 ||    15
Armor: Robe              |    17 |     3 ||    20
Dodge: Dodged            |    35 |    17 ||    52

Table legend: (Time is in decaauts)
 A = Elapsed time spent in this place.
 B = Non-inter-level travel time spent in this place.
 C = Inter-level travel time spent in this place.
 D = Time resting spent in this place.
 E = Time spent auto-exploring this place.
 F = Levels seen in this place.
 G = Mean time per level.
                   A        B        C        D        E       F      G
               +--------+--------+--------+--------+--------+-----+--------+
         Total |   2637 |   2637 |      0 |      0 |      0 |   3 |  879.0 |
       Dungeon |   2637 |   2637 |      0 |      0 |      0 |   3 |  879.0 |
               +--------+--------+--------+--------+--------+-----+--------+

Top non-repeatable levels by time:
     D:1: 1144 daAuts
     D:2: 1120 daAuts
     D:3: 372 daAuts
